 Dungeon Crawl Stone Soup version 0.31-a0-152-g6aa68a64a1 (webtiles) character file.

Game seed: 563286317284689603

69 qw the Shooter (level 4, -6/28 HPs)
             Began as a Gargoyle Hunter on June 10, 2023.
             Mangled by Sigmund
             ... wielding a +0 scythe of freezing
              (8 damage)
             ... on level 3 of the Dungeon.
             The game lasted 00:00:39 (1346 turns).

qw the Shooter (Gargoyle Hunter)                    Turns: 1346, Time: 00:00:39

Health: -6/28      AC:  6    Str: 15    XL:     4   Next: 20%
Magic:  4/4        EV: 11    Int:  9    God:
Gold:   123        SH:  0    Dex: 15    Spells: 3/3 levels left

rFire   . . .        Y - +0 shortbow
rCold   . . .        (shield currently unavailable)
rNeg    + . .        c - +0 leather armour
rPois   inf          (no helmet)
rElec   +            (no cloak)
rCorr   .            (no gloves)
SInv    .            (no boots)
Will    .....        (no amulet)
Stlth   ++           (no ring)
HPRegen 0.24/turn    (no ring)
MPRegen 0.09/turn

%: no passive effects
@: no status effects
A: sickness immunity, AC +3, negative energy resistance 1, electricity
resistance, torment resistance 1, petrification resistance
a: no special abilities


You were on level 3 of the Dungeon.
You visited 1 branch of the dungeon, and saw 3 of its levels.

You collected 123 gold pieces.


Innate Abilities, Weirdness & Mutations

You are immune to sickness and miasma.
Your stone body is resilient. (AC +3)
You are immune to poison.
You resist negative energy. (rN+)
You are resistant to electric shocks. (rElec)
You are resistant to unholy torment.
You are immune to petrification.


   Skills:
 - Level 3.1 Fighting
 + Level 5.2 Ranged Weapons
 - Level 1.5 Dodging
 - Level 1.1 Stealth


You had 3 spell levels left.
You didn't know any spells.
Your spell library was empty.

Inventory:

Hand Weapons
 Y - a +0 shortbow (weapon)
Armour
 b - a +0 pair of boots
 c - a +0 leather armour (worn)
Scrolls
 h - a scroll of teleportation
Potions
 a - a potion of curing {unknown}
 d - a potion of cancellation {unknown}
 g - a potion of heal wounds {unknown}
 j - a potion of invisibility {unknown}
 k - a potion of enlightenment {unknown}

Dungeon Overview and Level Annotations

Branches:
Dungeon (3/15)

Altars:
Zin

Annotations:
D:3 Sigmund


Message History

An endoplasm comes into view.
1326 ||| FLEEEEING.
You shoot an arrow.
The arrow hits the endoplasm but does no damage.
The endoplasm quivers.
You shoot an arrow. The arrow barely misses the endoplasm.
You shoot an arrow. The arrow hits the endoplasm.
You kill the endoplasm!
You shoot an arrow. You shoot an arrow. You shoot an arrow. You shoot an arrow.
You shoot an arrow. You shoot an arrow. You shoot an arrow. Something hits you.
Something freezes you.
You shoot an arrow. Something hits you. Something freezes you.
You shoot an arrow. Something hits you. Something freezes you.
You shoot an arrow. You shoot an arrow.
A magic dart appears from out of thin air!
The magic dart hits you but does no damage.
You shoot an arrow. Something hits you. Something freezes you.
You shoot an arrow. Something hits you. Something freezes you.
You shoot an arrow. Something hits you. Something freezes you.
You shoot an arrow.
You hear some strange, mumbled words.
A puff of flame appears from out of thin air!
The puff of flame hits you.
You shoot an arrow.
A magic dart appears from out of thin air!
The magic dart hits you.
You shoot an arrow. Something hits you!
You die...

# #...#.....# #.......... .###
#...#.....# #.....####. .{..#
#...#.....###.....# #. ..o.
.###...#.............# #.
#%.##.............###.....#####
#..######.....................
#.....##..#.....###.....#####
#######.##..#.##..........#
............{.@...........#
............#.###.###.....#####
#######.##.>.... ..............
#.##.##.###.###.....#####
.....##.# .###.....# ##.##.....
.........# ........##
.%.#.....# ........#
.#.#....### ..........#


There were no monsters in sight!

Vanquished Creatures
  2 adders (D:2)
  2 dart slugs
  5 bats (D:1)
  4 endoplasms
  2 giant cockroaches
  3 hobgoblins
  3 jackals (D:2)
  3 quokkas (D:2)
  8 ball pythons
  A frilled lizard (D:1)
  7 goblins
  A kobold (D:2)
  5 rats
46 creatures vanquished.

Notes
Turn   | Place    | Note
-------+----------+-------------------------------------------
     0 | D:1      | qw the Gargoyle Hunter began the quest for the Orb.
     0 | D:1      | Reached XP level 1. HP: 12/12 MP: 1/1
     0 | D:1      | 0 ||| qw: Version: 0.2-a-29-g67ad517
     0 | D:1      | 0 ||| qw: Game counter: 3933
     0 | D:1      | 0 ||| qw: Always use a shield: true
     0 | D:1      | 0 ||| qw: God list: Okawaru
     0 | D:1      | 0 ||| qw: Allow faded altars: false
     0 | D:1      | 0 ||| qw: Do Orc after D:15 true
     0 | D:1      | 0 ||| qw: Do second Lair branch before Depths: true
     0 | D:1      | 0 ||| qw: Lair rune preference: random
     0 | D:1      | 0 ||| qw: Plans: Normal, Zot:1-4, Slime:5, God:TSO, Crypt,
                  | Tomb, Abyss, Pan, Hells, Win
     0 | D:1      | 0 ||| PLANNING D:1-11
    63 | D:1      | Reached XP level 2. HP: 17/17 MP: 2/2
   119 | D:1      | Found a faded altar of an unknown god.
   505 | D:1      | 505 ||| READING scroll labelled WAASAM TOGH.
   506 | D:1      | 506 ||| DROPPING scroll of butterflies.
   539 | D:2      | Reached XP level 3. HP: 21/21 MP: 3/3
   560 | D:2      | Found a glowing silver altar of Zin.
   564 | D:2      | Reached skill level 5 in Ranged Weapons
   689 | D:2      | Reached skill level 3 in Fighting
   755 | D:2      | Reached XP level 4. HP: 28/28 MP: 4/4
  1055 | D:2      | 1055 ||| READING scroll labelled MUQUAW FOSCH.
  1156 | D:2      | 1156 ||| READING scroll labelled VOENOMUSEUK.
  1157 | D:2      | 1157 ||| READING 2 scrolls labelled NUREZI LUFFYOTH.
  1158 | D:2      | 1158 ||| READING 2 scrolls labelled RIFAOD ROTEUH WOLA.
  1161 | D:2      | 1161 ||| READING scroll labelled LASA GUDGHUCONU.
  1162 | D:2      | 1162 ||| DROPPING scroll of noise.
  1313 | D:3      | Noticed Sigmund
  1316 | D:3      | 1316 ||| FLEEEEING.
  1317 | D:3      | 1317 ||| FLEEEEING.
  1318 | D:3      | 1318 ||| FLEEEEING.
  1326 | D:3      | 1326 ||| FLEEEEING.
  1344 | D:3      | HP: 4/28 [something/puff of flame (4)]
  1346 | D:3      | Mangled by Sigmund

Levels and vault maps discovered:
D:1:      tarquinn_simple_flora_water_a, layout_loops_ring,
          ebering_ecumenical_altar_webs, item_on_display_a
D:2:      layout_rooms, basic_altar, minivault_5
D:3:      layout_basic, uniq_sigmund

Skill      XL: |  1  2  3 |
---------------+----------+-----
Ranged Weapons | 5 |  5.2
Fighting       | 3 |  3.1
Dodging        | |  1.5
Stealth        | |  1.1

Action                     |  1- 3 |  4- 6 || total
---------------------------+-------+-------++-------
   Fire: Shortbow          |    99 |    43 ||   142
    Use: Scroll            |     1 |     5 ||     6
 Armour: Leather armour    |    13 |     1 ||    14
  Dodge: Dodged            |    33 |     1 ||    34

Table legend:
 A = Non-vault XP
 B = Vault XP
 C = Vault XP percentage of total XP
 D = Non-vault monster count
 E = Vault monster count
 F = Vault count percentage of total count
                 A         B        C        D         E       F
            +---------+---------+-------+---------+---------+-------
      Total |      99 |       0 |   0.0 |      46 |       0 |   0.0
            +---------+---------+-------+---------+---------+-------
        D:1 |      27 |       0 |   0.0 |      18 |       0 |   0.0
        D:2 |      62 |       0 |   0.0 |      22 |       0 |   0.0
        D:3 |      10 |       0 |   0.0 |       6 |       0 |   0.0
            +---------+---------+-------+---------+---------+-------
